 Dungeon Sprint DCSS version 0.26-a0-663-g36e8fdb655 (webtiles) character file.

Game seed: 15575952620415688819

22651 olmar the Metallomancer (level 12, -3/88 HPs)
             Began as a Deep Dwarf Earth Elementalist on Oct 11, 2020.
             Was an Initiate of Gozag.
             Killed from afar by a crystal guardian (28 damage)
             ... with a crystal bolt
             ... in the Dungeon (Sprint III: "The Ten Rune Challenge").
             The game lasted 00:18:22 (7069 turns).

olmar the Metallomancer (DDEE)                      Turns: 7069, Time: 00:18:23

Health: -3/88      AC:  6    Str: 13    XL:     12   Next: 64%
Magic:  30/34      EV: 12    Int: 20    God:    Gozag
Gold:   2236       SH:  0    Dex: 13    Spells: 26/48 levels left

rFire    . . .     SeeInvis +   h - +3 quarterstaff (chaos)
rCold    . . .     Faith    .   (shield currently unavailable)
rNeg     . . .     Spirit   .   c - +0 robe
rPois    .         Reflect  .   (no helmet)
rElec    .         Harm     .   d - +2 cloak of the Thief {*Fog Slay-2 SInv Stlth+}
rCorr    .         Rampage  .   (no gloves)
MR       +....     NoTele   +   s - +0 pair of boots
Stlth    +++.......             (no amulet)
HPRegen  0.00/turn              (no ring)
MPRegen  0.24/turn              (no ring)

@: gold aura, non-regenerating
A: damage resistance, heal wounds, sense surroundings 2, no regeneration
a: Heal Wounds, Potion Petition, Call Merchant, Bribe Branch, Renounce Religion


You were in the Dungeon.
You worshipped Gozag.
Gozag was most pleased with you.
You visited 1 branch You collected 9822 gold pieces.
You spent 2754 gold pieces at shops.
You paid 4832 gold pieces to Gozag.

Inventory:

Hand Weapons
 h - a +3 quarterstaff of chaos (weapon)
Missiles
 b - 31 stones (quivered)
Armour
 c - a +0 robe (worn)
 d - the +2 cloak of the Thief (worn) {*Fog Slay-2 SInv Stlth+}
   (You bought it in a shop in the Dungeon)

   It affects your accuracy and damage with ranged weapons and melee attacks
   (-2).
   It lets you see invisible.
   It makes you more stealthy.
 j - a +0 cloak
 s - a +0 pair of boots (worn)
Wands
 t - a wand of iceblast (1)
Scrolls
 l - 3 scrolls of identify
 m - 3 scrolls of remove curse
 x - a scroll of magic mapping
 y - a scroll of fear
Potions
 a - 6 potions of mutation
 f - a potion of haste
 g - a potion of magic
 k - a potion of invisibility
 n - 2 potions of flight
 o - a potion of cancellation
 q - a potion of might
 r - a potion of berserk rage
 u - a potion of brilliance
 v - a potion of degeneration
Miscellaneous
 e - a lightning rod (3/4)
 p - a phantom mirror


   Skills:
 + Level 0.9 Staves
 - Level 2.1 Dodging
 - Level 2.4 Stealth
 - Level 0.3 Unarmed Combat
 + Level 18.6 Spellcasting
 - Level 3.0 Transmutations
 + Level 26.6 Earth Magic
 - Level 1.2 Evocations


You had 26 spell levels left.
You knew the following spells:

 Your Spells              Type           Power        Failure   Level
a - Sandblast             Erth           ######       0%          1
b - Stone Arrow           Conj/Erth      ######       1%          3
c - Lee's Rapid Deconstr  Erth           #######...   0%          5
d - Petrify               Tmut/Erth      ######..     1%          4
e - Shatter               Erth           #######...   5%          9

Your spell library contained the following spells:

 Spells                   Type           Power        Failure   Level
 Passwall                 Tmut/Erth      ######..     0%          2
 Confusing Touch          Hex            ###.....     9%          3
 Gell's Gravitas          Tloc           ###.......   9%          3
 Static Discharge         Conj/Air       ###.....     9%          3
 Yara's Violent Unravell  Hex/Tmut       ###.......   38%         5
 Lightning Bolt           Conj/Air       ###.......   63%         5
 Metabolic Englaciation   Hex/Ice        ###.......   63%         5
 Ignition                 Fire           ###.......   100%        8
 Tornado                  Air            ###.......   100%        9


Dungeon Overview and Level Annotations

Branches:
Dungeon (1/1)

Altars:
Cheibriados
Dithmenos
Elyvilon
Fedhas
Gozag
Hepliaklqana
Kikubaaqudgha
Makhleb
Nemelex Xobeh
Okawaru
Qazlal
Ru
Sif Muna
Trog
Uskayaw
Vehumet
Wu Jian
Xom
Yredelemnul
Zin
The Shining One
Beogh
Jiyva
Lugonu

Shops:
D :*[??}[!=:([(


Innate Abilities, Weirdness & Mutations

You are resistant to damage.
You can heal yourself by infusing magical energy.
You passively map the area around you.
You do not regenerate.


Message History

Casting: Lee's Rapid Deconstruction (safe; 0% risk of failure)
Confirm with . or Enter, or press ? or * to list all spells.
Aiming: Lee's Rapid Deconstruction (safe; 0% risk of failure)
Press: ? - help, Dir - move target cursor A rock wall.
The wall shatters!
The blast of rock fragments hits the ball lightning!!!
The ball lightning explodes!
Unknown command.
Unknown command.
Unknown command.
You now have 2236 gold pieces (gained 54).
A crystal guardian comes into view.
The crystal guardian fires a crystalline bolt at you.
The crystal bolt burns you!
* * * LOW HITPOINT WARNING * * *
The crystal guardian fires a crystalline bolt at you.
The crystal bolt freezes you!!
You die...
Your body crumbles into a pile of gold.

≈ ≈≈
#.#..,###§#.∩⌠⌠∩.# *
+
#.#.###.§§#.∩.∩∩.#,
, ≈≈
*#.#§#...§§#.∩∩∩∩.#
, *
#.#§§§§§§§#......#,
, ,*, ≈
*#§#§§.§§§§###''###
, $ ≈
*#....§.§§§#.88.⌠.#,
, * ≈
#########.#......#
** ≈≈
#.#.#.#.#........#,
$ $ , , ,
#..........@.....# +
#................# ,
^ * *
###'##############
,^, , * #..,** ≈ * +
#.. ,, *' , ≈, * *,
$ * #..., * +** ** '
.'.., , ' , , , ,
##$., , * *, * ,, ≈
* , *^ * ,≈


You could see 2 crystal guardians.

Vanquished Creatures
  Sigmund (D)
  A deep elf demonologist (D)
  Josephine (D)
  2 hydras (D)
  A centaur warrior (D)
  Urug (D)
  3 deep elf knights (D)
  An anaconda zombie (D)
  A death drake (D)
  A spriggan druid (D)
  An obsidian statue (D)
  An unseen horror (D)
  A lindwurm (D)
  2 crystal guardians (D)
  An orc knight (D)
  3 deep elf magi (D)
  A moth of wrath (D)
  A stone giant skeleton (D)
  A statue (D)
  2 cane toads (D)
  Edmund (D)
  A rime drake (D)
  A komodo dragon (D)
  A yaktaur (D)
  2 spriggan defenders (D)
  3 wandering mushrooms (D)
  2 tyrant leeches (D)
  2 orc high priests (D)
  2 snapping turtles (D)
  A shadow (D)
  3 redbacks (D)
  2 spriggans (D)
  A spatial vortex (D)
  A hydra simulacrum (D)
  A swamp drake (D)
  2 orc warriors (D)
  A necrophage (D)
  2 centaurs (D)
  An earth elemental (D)
  A water elemental (D)
  An electric eel (D)
  Crazy Yiuf (D)
  A jelly (D)
  5 orc priests (D)
  A wizard (D)
  4 orc wizards (D)
  Jessica (D)
  A necromancer (D)
  A kobold demonologist (D)
  3 humans (D)
  An ooze (D)
  5 ball lightnings (D)
  7 orcs (D)
  3 rats (D)
  2 ballistomycete spores (D)
95 creatures vanquished.

Vanquished Creatures (collateral kills)
  A dire elephant (D)
1 creature vanquished.

Vanquished Creatures (others)
  4 deep elf blademasters (D)
  Nessos (D)
  A mummy priest (D)
  An ice dragon (D)
  A shadow wraith (D)
  3 yaktaurs (D)
  A spriggan defender (D)
  2 hornets (D)
  2 snapping turtles (D)
  A fungus (D)
  38 plants (D)
  8 tentacles (D)
63 creatures vanquished.

Grand Total: 159 creatures vanquished

Notes
Turn   | Place    | Note
-------+----------+-------------------------------------------
     0 | D        | olmar the Deep Dwarf Earth Elementalist began the quest for
                  | the Orb.
     0 | D        | Reached XP level 1. HP: 15/15 MP: 3/3
     3 | D        | Reached skill level 5 in Earth Magic
    43 | D        | Noticed Jessica
    53 | D        | Killed Jessica
    53 | D        | Reached skill level 7 in Earth Magic
    53 | D        | Reached XP level 2. HP: 22/22 MP: 0/6
    53 | D        | Reached XP level 3. HP: 28/28 MP: 0/7
   110 | D        | Learned a level 3 spell: Stone Arrow
   123 | D        | Reached skill level 8 in Earth Magic
   180 | D        | Noticed Crazy Yiuf
   185 | D        | Killed Crazy Yiuf
   185 | D        | Reached skill level 9 in Earth Magic
   185 | D        | Reached XP level 4. HP: 36/36 MP: 5/10
   225 | D        | Noticed a water elemental
   229 | D        | Killed a water elemental
   229 | D        | Reached skill level 5 in Spellcasting
   229 | D        | Reached skill level 11 in Earth Magic
   229 | D        | Reached XP level 5. HP: 42/42 MP: 6/12
   241 | D        | Learned a level 5 spell: Lee's Rapid Deconstruction
   301 | D        | Killed a shadow
   301 | D        | Reached skill level 13 in Earth Magic
   301 | D        | Reached XP level 6. HP: 49/49 MP: 2/16
   403 | D        | Found a blossoming altar of Fedhas.
   403 | D        | Found a stormy altar of Qazlal.
   404 | D        | Found a snail-covered altar of Cheibriados.
   404 | D        | Found a burning altar of Makhleb.
   404 | D        | Found a hazy altar of Hepliaklqana.
   404 | D        | Found a shimmering altar of Xom.
   404 | D        | Found an opulent altar of Gozag.
   404 | D        | Found a sparkling altar of Nemelex Xobeh.
   404 | D        | Found a corrupted altar of Lugonu.
   404 | D        | Found a viscous altar of Jiyva.
   404 | D        | Noticed a spatial vortex
   409 | D        | Killed a spatial vortex
   409 | D        | Reached skill level 14 in Earth Magic
   414 | D        | Became a worshipper of Gozag Ym Sagoz the Greedy
   414 | D        | Found the macabre finger necklace {rN+}
   448 | D        | Found a glowing silver altar of Zin.
   451 | D        | Killed a deep elf mage
   451 | D        | Reached skill level 16 in Earth Magic
   451 | D        | Reached XP level 7. HP: 55/55 MP: 6/19
   452 | D        | Found a glowing golden altar of the Shining One.
   452 | D        | Found a white marble altar of Elyvilon.
   532 | D        | Found a radiant altar of Vehumet.
   536 | D        | Found a shimmering blue altar of Sif Muna.
   536 | D        | Found an ancient bone altar of Kikubaaqudgha.
   570 | D        | Found a hide-covered altar of Uskayaw.
   570 | D        | Found a roughly hewn altar of Beogh.
   570 | D        | Found an iron altar of Okawaru.
   570 | D        | Found a bloodstained altar of Trog.
   570 | D        | Found an ornate altar of the Wu Jian Council.
   570 | D        | Noticed a human
   570 | D        | Noticed a human
   572 | D        | Killed a human
   572 | D        | Reached XP level 8. HP: 62/62 MP: 10/21
   573 | D        | Reached skill level 10 in Spellcasting
   671 | D        | Found a basalt altar of Yredelemnul.
   671 | D        | Found a shadowy altar of Dithmenos.
   671 | D        | Found a sacrificial altar of Ru.
   672 | D        | Reached skill level 17 in Earth Magic
   712 | D        | Noticed Josephine
   718 | D        | Learned a level 4 spell: Petrify
   733 | D        | Reached skill level 1 in Transmutations
   735 | D        | Killed Josephine
   735 | D        | Reached skill level 18 in Earth Magic
   735 | D        | Gained mutation: You passively map the area around you.
                  | [Deep Dwarf growth]
   735 | D        | Reached XP level 9. HP: 38/68 MP: 1/24
   994 | D        | Reached skill level 19 in Earth Magic
  1259 | D        | Noticed an orc knight
  1284 | D        | Killed an orc knight
  1284 | D        | Reached skill level 1 in Evocations
  1425 | D        | Killed an ice dragon
  1513 | D        | Found Ycid's Book Boutique.
  1537 | D        | Bought a book of the Tempests for 840 gold pieces
  1676 | D        | Noticed a centaur warrior
  1678 | D        | Killed a centaur warrior
  1678 | D        | Reached skill level 20 in Earth Magic
  2061 | D        | Killed an unseen horror
  2061 | D        | Reached XP level 10. HP: 50/75 MP: 11/27
  2482 | D        | Noticed a deep elf mage
  2482 | D        | Noticed a deep elf mage
  2482 | D        | Noticed a deep elf knight
  2482 | D        | Noticed a deep elf knight
  2482 | D        | Noticed a deep elf knight
  2531 | D        | Killed a deep elf mage
  2531 | D        | Reached skill level 21 in Earth Magic
  2532 | D        | Killed a deep elf mage
  2534 | D        | Killed a deep elf knight
  2539 | D        | Killed a deep elf knight
  2542 | D        | Killed a deep elf knight
  2542 | D        | Reached skill level 22 in Earth Magic
  2546 | D        | Noticed a deep elf demonologist
  2546 | D        | Noticed a deep elf demonologist
  2658 | D        | Killed a deep elf demonologist
  2658 | D        | Reached skill level 15 in Spellcasting
  2658 | D        | Reached XP level 11. HP: 54/81 MP: 13/30
  2810 | D        | Noticed a deep elf master archer
  2920 | D        | Bought the +2 cloak of the Thief {*Fog Slay-2 SInv Stlth+}
                  | for 522 gold pieces
  2920 | D        | Found the +2 cloak of the Thief {*Fog Slay-2 SInv Stlth+}
  2920 | D        | Bought a lightning rod (4/4) for 1040 gold pieces
  2998 | D        | Noticed Sigmund
  2998 | D        | Noticed Edmund
  3008 | D        | Killed Sigmund
  3008 | D        | Reached skill level 23 in Earth Magic
  3029 | D        | Killed Edmund
  3118 | D        | Reached skill level 24 in Earth Magic
  3224 | D        | Found Qashin's Antique Armour Emporium.
  3224 | D        | Found Hunayrec's Jewellery Shop.
  3224 | D        | Found Cafeevuu's Weapon Shoppe.
  3224 | D        | Found Jeiteg's Distillery.
  3224 | D        | Found Juse's Antique Armour Shop.
  3224 | D        | Found Riatras's Antique Weapon Emporium.
  3224 | D        | Found Ableq Pede's Book Boutique.
  3225 | D        | Found Fecihin's Gadget Boutique.
  3225 | D        | Found Vuwer's Magic Scroll Shoppe.
  3225 | D        | Found Lucsom's Magic Scroll Shop.
  3225 | D        | Found Myletarch's Antique Armour Emporium.
  3247 | D        | Bought a potion of invisibility for 80 gold pieces
  3247 | D        | Bought a potion of cancellation for 80 gold pieces
  3247 | D        | Bought a potion of brilliance for 40 gold pieces
  3247 | D        | Bought a potion of degeneration for 10 gold pieces
  3247 | D        | Bought a potion of curing for 30 gold pieces
  3252 | D        | Bought a scroll of magic mapping for 42 gold pieces
  3253 | D        | Bought 2 scrolls of fear for 70 gold pieces
  3339 | D        | Noticed an obsidian statue
  3341 | D        | Noticed a soul eater
  3341 | D        | Killed an obsidian statue
  3345 | D        | Noticed a crystal guardian
  3348 | D        | Killed a crystal guardian
  3362 | D        | Noticed a crystal guardian
  3363 | D        | Killed a crystal guardian
  3698 | D        | Noticed a fire elementalist statue
  3701 | D        | Killed a fire elementalist statue
  3871 | D        | Reached XP level 12. HP: 41/88 MP: 13/33
  3952 | D        | Killed a deep elf blademaster
  4007 | D        | Reached skill level 25 in Earth Magic
  4113 | D        | Killed a deep elf blademaster
  4305 | D        | Learned a level 9 spell: Shatter
  4328 | D        | Killed Nessos
  4363 | D        | Killed a deep elf blademaster
  4396 | D        | Noticed Urug
  4404 | D        | Killed Urug
  4471 | D        | Killed a deep elf blademaster
  4550 | D        | Noticed a six-headed hydra
  4550 | D        | Noticed a six-headed hydra
  4552 | D        | Killed a six-headed hydra
  4559 | D        | Killed a six-headed hydra
  4801 | D        | Killed a mummy priest
  4807 | D        | Noticed a kraken
  5176 | D        | Reached skill level 26 in Earth Magic
  5350 | D        | Noticed an alligator snapping turtle
  5375 | D        | Found a blossoming altar of Fedhas.
  5407 | D        | Noticed a dire elephant
  5414 | D        | Killed a dire elephant
  7069 | D        | Killed from afar by a crystal guardian

Illustrated notes

Levels and vault maps discovered:
D:        dungeon_sprint_mu [sprint_mu_entry_forest, sprint_mu_temple_rooms,
          sprint_mu_d1_horrors, sprint_mu_d2_genie, sprint_mu_d3_branching,
          sprint_mu_orc_legion, sprint_mu_elf_gauntlet, sprint_mu_hive_nellie,
          sprint_mu_lair_fedhas, sprint_mu_vaults_butterflies,
          sprint_mu_slime_circle, sprint_mu_swamp_cave, sprint_mu_shoals_kraken,
          sprint_mu_blade_basic, sprint_mu_crypt_chambers,
          sprint_mu_tomb_spiral, sprint_mu_vestibule_basic,
          sprint_mu_gehenna_hellfire, sprint_mu_dis_giant,
          sprint_mu_tartarus_statrot, sprint_mu_cocytus_islands, sprint_mu_zot1]

Skill      XL: |  1  2  3  4  5  6  7  8  9 10 11 12 |
---------------+-------------------------------------+-----
Spellcasting   | 3 4 5 7 9 11 13 15 17 18 | 18.6
Earth Magic    | 7 9 11 13 16 18 20 22 24 26 | 26.6
Transmutations | 1 2 3 |  3.0
Evocations     | 1 |  1.2
Staves         | |  0.9
Dodging        | |  2.1
Stealth        | |  2.4
Unarmed Combat | |  0.3

Action                   |  1- 3 |  4- 6 |  7- 9 | 10-12 || total
-------------------------+-------+-------+-------+-------++-------
Melee: Unarmed           |     3 |       |       |       ||     3
       Quarterstaff      |       |       |     1 |     1 ||     2
 Cast: Sandblast         |     8 |    11 |       |     1 ||    20
       Stone Arrow       |     2 |       |       |    12 ||    14
       Lee's Rapid Decon |       |     3 |    45 |    99 ||   147
       Petrify           |       |       |     2 |    14 ||    16
Invok: Potion Petition   |       |       |       |    11 ||    11
       Call Merchant     |       |       |       |     1 ||     1
Evoke: Wand              |       |       |     3 |     7 ||    10
       Phantom mirror    |       |       |     1 |     3 ||     4
       Lightning rod     |       |       |       |     9 ||     9
  Use: Potion            |     1 |       |     4 |     1 ||     6
       Scroll            |       |       |       |     4 ||     4
 Stab: Sleeping          |       |       |       |     1 ||     1
Armor: Robe              |     1 |       |     1 |     2 ||     4
       Skin              |       |       |       |     3 ||     3
Dodge: Dodged            |     2 |     1 |     3 |     7 ||    13

Table legend: (Time is in decaauts)
 A = Elapsed time spent in this place.
 B = Non-inter-level travel time spent in this place.
 C = Inter-level travel time spent in this place.
 D = Time resting spent in this place.
 E = Time spent auto-exploring this place.
 F = Levels seen in this place.
 G = Mean time per level.
                   A        B        C        D        E       F      G
               +--------+--------+--------+--------+--------+-----+--------+
         Total |   7078 |   6758 |    320 |   5671 |      0 |   1 | 7078.0 |
       Dungeon |   7078 |   6758 |    320 |   5671 |      0 |   1 | 7078.0 |
               +--------+--------+--------+--------+--------+-----+--------+

Top non-repeatable levels by time:
       D: 7078 daAuts
